 Dungeon Crawl Stone Soup version 0.23-a0-767-gdc19b93d68 (webtiles) character file.

213 Hercules1031 the Skirmisher (level 5, 0/42 HPs)
             Began as a Demonspawn Fighter on Jan 28, 2019.
             Killed from afar by Sigmund (3 damage)
             ... with a puff of flame
             ... on level 3 of the Dungeon.
             The game lasted 00:05:25 (1283 turns).

Hercules1031 the Skirmisher (Demonspawn Fighter)    Turns: 1283, Time: 00:05:26

Health: 0/42       AC:  6    Str: 18    XL:     5   Next: 59%
Magic:  5/5        EV:  8    Int:  9    God:
Gold:   91         SH:  9    Dex: 12    Spells: 4/4 levels left

rFire    + . .     SeeInvis .   a - +0 war axe
rCold    + . .     Gourm    .   c - +0 shield
rNeg     . . .     Faith    .   b - +0 scale mail
rPois    +         Spirit   .   (no helmet)
rElec    +         Reflect  .   (no cloak)
rCorr    +         Harm     .   (no gloves)
MR       .....                  (no boots)
Stlth    ..........             (no amulet)
HPRegen  0.14/turn              (no ring)
MPRegen  0.09/turn              (no ring)

@: resistant
A: claws 1, hooves 1, demonic guardian 1, powered by death 1
a: no special abilities


You were on level 3 of the Dungeon.
You were not hungry.

You visited 1 branch of the dungeon, and saw 3 of its levels.

You collected 91 gold pieces.

Inventory:

Hand Weapons
 a - a +0 war axe (weapon)
 k - a +0 dagger of speed
Armour
 b - a +0 scale mail (worn)
 c - a +0 shield (worn)
Wands
 o - a wand of scattershot (5)
Scrolls
 e - 3 scrolls of identify
 g - a scroll of enchant weapon {unknown}
 h - 2 scrolls of fear {unknown}
 l - a scroll of teleportation {unknown}
 m - a scroll of noise {unknown}
 r - a scroll of remove curse {unknown}
Potions
 d - a potion of might
 j - a potion of ambrosia {unknown}
 p - a potion of mutation {unknown}
 q - a potion of brilliance {unknown}
Comestibles
 f - 2 rations


   Skills:
 + Level 3.9 Fighting
 + Level 2.8 Axes
 + Level 3.5 Armour
 + Level 2.0 Dodging
 + Level 3.4 Shields


You had 4 spell levels left.
You didn't know any spells.
Your spell library was empty.

Dungeon Overview and Level Annotations

Branches:
Dungeon (3/15)

Altars:
Hepliaklqana
Xom
The Shining One

Annotations:
D:3 Sigmund


Innate Abilities, Weirdness & Mutations

You have sharp fingernails.
You have large cloven feet.
A weak demonic guardian rushes to your aid.
You regenerate a little health from kills.


Message History

You swap places.
Your ufetubus closely misses something.
Your ufetubus barely misses something.
The jackal bites your ufetubus.
Your ufetubus closely misses something.
Your ufetubus misses something. Something hits you but does no damage.
Your ufetubus hits the jackal.
Your ufetubus completely misses the jackal.
You swap places.
The jackal bites your ufetubus.
Your ufetubus hits the jackal.
The jackal dies!
Something hits you.
You barely miss something. You kick something.
Something hits you but does no damage.
You closely miss something. Your kick misses something. Something hits you.
You hit something but do no damage. Something hits you!
* * * LOW HITPOINT WARNING * * *
x2 You miss something.
You kick something.
You hear some strange, mumbled words.
Something tries to affect you, but you resist.
You hear some strange, mumbled words.
A puff of flame appears from out of thin air!
The puff of flame hits you! You resist.
You die...

....>....###.
#............
###..........#
.............#
.......#....##
.........<...#####
........{#.)......
.......†5.5..######
.......((@((.......
........#.............
.......?#...#.####....
......%...#......#..#
.$.......##.........#
####.....#.....<....#
. #..#..#..........#..
#.##..#............#
###. #....).....#


You could see 2 friendly ufetubi.

Vanquished Creatures
  Grinder (D:3)
  An orc wizard (D:3)
  2 adders
  An ooze (D:1)
  2 worms (D:2)
  2 dart slugs
  4 orcs (D:3)
  2 ball pythons (D:3)
  2 giant cockroaches
  3 hobgoblins
  5 jackals
  5 bats
  2 frilled lizards
  4 goblins
  6 kobolds
  5 rats
47 creatures vanquished.

Vanquished Creatures (collateral kills)
  An orc (D:3)
  2 bats (D:3)
  A goblin (D:3)
  3 jackals (D:3)
7 creatures vanquished.

Grand Total: 54 creatures vanquished

Notes
Turn   | Place    | Note
-------+----------+-------------------------------------------
     0 | D:1      | Hercules1031 the Demonspawn Fighter began the quest for the
                  | Orb.
     0 | D:1      | Reached XP level 1. HP: 18/18 MP: 1/1
    85 | D:1      | Gained mutation: A weak demonic guardian rushes to your
                  | aid. [demonic ancestry]
    85 | D:1      | Reached XP level 2. HP: 24/24 MP: 2/2
   578 | D:2      | Found a faded altar of an unknown god.
   621 | D:2      | Found a glowing golden altar of the Shining One.
   652 | D:2      | Reached skill level 1 in Dodging
   652 | D:2      | Gained mutation: You have large cloven feet. [demonic
                  | ancestry]
   652 | D:2      | Reached XP level 3. HP: 28/29 MP: 3/3
   829 | D:2      | Found a hazy altar of Hepliaklqana.
   830 | D:2      | Found a shimmering altar of Xom.
   830 | D:2      | Noticed a hell beast
   831 | D:2      | Noticed a spectral ugly thing
   831 | D:2      | Noticed a hell beast
  1226 | D:3      | Gained mutation: You have sharp fingernails. [demonic
                  | ancestry]
  1226 | D:3      | Reached XP level 4. HP: 24/35 MP: 4/4
  1231 | D:3      | Noticed Grinder
  1242 | D:3      | Killed Grinder
  1242 | D:3      | Gained mutation: You regenerate a little health from kills.
                  | [demonic ancestry]
  1242 | D:3      | Reached XP level 5. HP: 33/42 MP: 5/5
  1265 | D:3      | Noticed Sigmund
  1283 | D:3      | Killed from afar by Sigmund

Vault maps used:
D:1:      minmay_arrival_four_houses, corexii_corridor_pit
D:2:      regret_index_temple_of_mockery, tso_metal_star,
          chequers_ecumenical_altar_simple_redux, kennysheep_generic_room_4
D:3:      uniq_sigmund, uniq_grinder, uniq_ijyb

Skill      XL: |  1  2  3  4  5 |
---------------+----------------+-----
Axes           | 2 |  2.8
Armour         | 3 |  3.5
Dodging        | 1 2 |  2.0
Shields        | 3 |  3.4
Fighting       | |  3.9

Action                   |  1- 3 |  4- 6 || total
-------------------------+-------+-------++-------
Melee: War axe           |    87 |    23 ||   110
       Dagger            |    39 |       ||    39
       Kick              |     9 |     5 ||    14
  Use: Scroll            |     2 |       ||     2
       Potion            |     2 |     2 ||     4
 Stab: Distracted        |     1 |       ||     1
  Eat: Ration            |     1 |       ||     1
Armor: Scale mail        |    87 |    17 ||   104
Dodge: Dodged            |    49 |     7 ||    56
Block: Shield            |    94 |    12 ||   106

Table legend:
 A = Non-vault XP
 B = Vault XP
 C = Vault XP percentage of total XP
 D = Non-vault monster count
 E = Vault monster count
 F = Vault count percentage of total count
                 A         B        C        D         E       F
            +---------+---------+-------+---------+---------+-------
      Total |     159 |     146 |  47.9 |      52 |       2 |   3.7
            +---------+---------+-------+---------+---------+-------
        D:1 |      31 |       0 |   0.0 |      15 |       0 |   0.0
        D:2 |      41 |       2 |   4.7 |      13 |       1 |   7.1
        D:3 |      87 |     144 |  62.3 |      24 |       1 |   4.0
            +---------+---------+-------+---------+---------+-------
